Map: Beckett Industries LE

Players

Harstem

  • Race: Protoss Protoss

MaxPax - Winner!

  • Race: Protoss Protoss

Event: DreamHack SC2 Masters 2021 Winter

VOD

Have the link to the VOD?

Description

Time

  • Played on: Oct. 13, 2021, 9:48 a.m.
  • Length: 7:19

All games in this series

Show
View Real Time Build Order
Export as new Build Order

Harstem Protoss 

Build Orders:  

Get SALT Encoding   

  12  0:00  Probe  
  13  0:12  Probe  
  14  0:17  Pylon  
  14  0:24  Probe (Chrono Boost)  
  15  0:36  Probe (Chrono Boost)  
  15  0:38  Gateway  
  16  0:44  Probe (Chrono Boost)  
  16  0:48  Assimilator  
  17  0:51  Probe  
  17  0:56  Assimilator  
  18  1:03  Probe (Chrono Boost)  
  19  1:10  Gateway  
  19  1:13  Probe (Chrono Boost)  
  20  1:19  Probe  
  21  1:26  Cybernetics Core  
  21  1:31  Probe  
  22  1:40  Pylon  
  22  1:43  Probe  
  23  1:49  Pylon  
  24  2:03  Warp Gate (Chrono Boost)  
  24  2:04  Stalker  
  24  2:06  Stalker  
  27  2:11  Pylon  
  27  2:25  Pylon  
  27  2:34  Stalker  
  27  2:36  Stalker  
  31  2:45  Gateway  
  31  2:50  Pylon  
  31  3:12  Gateway  
  31  3:14  Shield Battery  
  31  3:38  Stalker x2  
  31  3:40  Stalker  
  37  3:42  Pylon  
  37  4:02  Stalker  
  37  4:08  Stalker  
  36  4:20  Sentry  
  38  4:26  Stalker  
  39  4:43  Stalker  
  39  4:47  Stalker  
  39  4:49  Probe (Chrono Boost)  
  40  4:57  Sentry  
  40  4:58  Probe (Chrono Boost)  
  43  5:03  Stalker  
  43  5:04  Probe  
  46  5:18  Sentry  
  46  5:20  Pylon  
  49  5:26  Probe  
  49  5:33  Stalker  
  51  5:36  Pylon  
  51  5:46  Stalker  
  53  5:56  Stalker  
  56  6:07  Stalker  
  58  6:13  Pylon  
  58  6:17  Stalker  
  59  6:38  Stalker x2  
  59  6:54  Stalker  
  59  7:01  Stalker  
Show
View Real Time Build Order
Export as new Build Order

MaxPax Protoss - Winner!

Build Orders: Oracle Opening 

Get SALT Encoding   

  12  0:00  Probe  
  13  0:12  Probe  
  14  0:19  Pylon  
  14  0:24  Probe  
  15  0:37  Probe (Chrono Boost)  
  15  0:39  Gateway  
  16  0:48  Assimilator, Probe (Chrono Boost)  
  17  0:53  Probe (Chrono Boost)  
  18  1:04  Probe  
  19  1:12  Assimilator  
  19  1:16  Probe (Chrono Boost)  
  20  1:25  Pylon  
  20  1:26  Cybernetics Core  
  20  1:28  Probe (Chrono Boost)  
  21  1:33  Probe (Chrono Boost)  
  22  1:42  Probe  
  22  1:43  Zealot  
  25  1:54  Probe  
  26  2:05  Stargate  
  26  2:06  Probe  
  27  2:11  Adept (Chrono Boost)  
  29  2:16  Warp Gate  
  29  2:18  Pylon  
  29  2:30  Pylon  
  29  2:32  Stalker  
  31  2:47  Shield Battery  
  31  2:53  Oracle (Chrono Boost)  
  34  3:03  Shield Battery  
  34  3:05  Stalker  
  36  3:20  Shield Battery  
  36  3:26  Void Ray (Chrono Boost)  
  39  3:37  Pylon  
  39  3:38  Gateway  
  39  3:45  Stalker  
  41  3:56  Shield Battery  
  41  4:07  Pylon  
  41  4:08  Shield Battery  
  41  4:24  Stalker  
  43  4:25  Void Ray (Chrono Boost)  
  46  4:41  Stalker  
  42  4:49  Stalker  
  44  4:58  Void Ray  
  48  5:14  Adept x2  
  50  5:35  Stalker x2  
  54  5:58  Adept, Sentry  
  58  6:07  Shield Battery  
  56  6:28  Void Ray (Chrono Boost)  
  56  6:30  Stalker x2  
  58  6:57  Nexus  
  58  6:58  Sentry  
  60  7:01  Adept  

Tags
 
Add a new tag
Caveats
  • Supply blocks, unpowered buildings, or Contaminate may cause inaccurate times.
  • Supply counts are checked every 10 seconds.